 Dungeon Crawl Stone Soup version 0.20.1-1-g8b1a95d (webtiles) character file.

5459 Rocangus994 the Cruncher (level 10, -4/68 HPs)
             Began as a Demonspawn Gladiator on Dec 2, 2017.
             Was a Priest of Qazlal.
             Slain by an unseen horror (8 damage)
             ... on level 11 of the Dungeon on Dec 4, 2017.
             The game lasted 00:45:17 (10027 turns).

Rocangus994 the Cruncher (Demonspawn Gladiator)    Turns: 10027, Time: 00:45:18

Health: -4/68      AC:  7    Str: 18    XL:     10   Next: 41%
Magic:  10/10      EV: 13    Int:  9    God:    Qazlal [***...]
Gold:   351        SH: 10    Dex: 15    Spells: 9/9 levels left

rFire    . . .     SeeInvis .   a - +1 quarterstaff
rCold    . . .     Gourm    .   (shield currently unavailable)
rNeg     . . .     Faith    .   w - +1 robe "Ulipt" {Slay+3} (curse)
rPois    +         Spirit   .   c - +2 helmet
rElec    .         Reflect  .   u - +0 cloak
rCorr    .         Harm     .   (gloves unavailable)
MR       .....                  (no boots)
Stlth    ++........             (no amulet)
Regen    0.3/turn               (no ring)
MPRegen  0.2/turn               (no ring)

@: no status effects
A: claws 3, large bone plates 2, nightstalker 1, poison resistance, powered by
death 1, wild magic 1
a: Upheaval, Elemental Force, Renounce Religion


You were on level 11 of the Dungeon.
You worshipped Qazlal.
Qazlal was most pleased with you.
You were hungry.

You visited 2 branches of the dungeon, and saw 12 of its levels.

You collected 495 gold pieces.
You spent 144 gold pieces at shops.

Inventory:

Hand Weapons
 a - a +1 quarterstaff (weapon)
Missiles
 d - 3 throwing nets (quivered)
Armour
 b - a +0 leather armour
 c - a +2 helmet (worn)
 i - a +0 pair of gloves
 u - a +0 cloak (worn)
 w - the cursed +1 robe "Ulipt" (worn) {Slay+3}
   (You found it on level 4 of the Dungeon)

   It affects your accuracy and damage with ranged weapons and melee attacks
   (+3).
   It has a curse placed upon it.
 z - the +1 robe of Daisies {rPois Str+3, unknown}
   (You found it on level 8 of the Dungeon)

   It affects your strength (+3).
   It protects you from poison.
Jewellery
 q - an uncursed ring of protection from cold
Wands
 n - a wand of lightning (11/15)
 o - a wand of polymorph (7/24)
 r - a wand of polymorph (18/24)
 E - a wand of iceblast (2/15)
Scrolls
 h - 4 scrolls of fear
 k - 3 scrolls of remove curse
 D - a scroll of identify
Potions
 e - 2 potions of brilliance
 g - 2 potions of might
 j - 4 potions of curing
 l - 3 potions of haste
 p - a potion of magic
 s - a potion of flight
 t - a potion of cancellation
 v - 4 potions of lignification
 B - a potion of agility
 C - 2 potions of ambrosia {unknown}
Comestibles
 f - 9 bread rations
 m - 6 fruits
 x - a meat ration


   Skills:
 - Level 2.4 Fighting
 + Level 13.8 Staves
 - Level 2.1 Throwing
 - Level 3.0 Dodging


You had 9 spell levels left.
You didn't know any spells.

Dungeon Overview and Level Annotations

Branches:
Dungeon (11/15)            Temple (1/1) D:5
   Lair: D:8-11         Orc: D:9-12

Altars:
Ashenzari
Cheibriados
Dithmenos
Elyvilon
Hepliaklqana
Kikubaaqudgha
Makhleb
Nemelex Xobeh
Qazlal
Ru
Sif Muna
Trog
Uskayaw
Vehumet
Xom
Zin
The Shining One

Shops:
D:6 ?   D:7 %


Innate Abilities, Weirdness & Mutations

You have claws for hands.
You are mostly covered in large bone plates. (SH +6)
You are slightly more attuned to the shadows.
You regenerate a little health from kills.
Your system is resistant to poisons. (rPois)
Your spells are a little harder to cast, but a little more powerful.


Message History

Something barely misses you.
The hell hound is struck by lightning.
You kill the hell hound!
Qazlal accepts your kill.
You hear a bark!
You feel much better. Something hits you! You block something's attack.
Something hits you. Something hits you but does no damage.
You hit something but do no damage. Something hits you but does no damage.
Something hits you. Something hits you!
* * * LOW HITPOINT WARNING * * *
You see here a black bear corpse.
You block something's attack. Something hits you.
* * * LOW HITPOINT WARNING * * *
Something hits you!
* * * LOW HITPOINT WARNING * * *
Something hits you!
You die...

....# #####†.#
....####......# ..
#.............#######..
#..#####+###...†.......
#..# #?.......... #.Z#
#....T....## #..#
#.........# ...#
#.....[...# ...#
#....@§...#
...........#
##.........#
#.........# ###########


You could see a troll.

Vanquished Creatures
  A centaur warrior (D:10)
  Grinder (D:5)
  A hippogriff (D:9)
  A spriggan (D:9)
  A hungry ghost (D:9)
  A yak (D:8)
  Edmund (D:5)
  Duvessa (D:7)
  A hell hound (D:11)
  An ice beast (D:8)
  4 orc warriors
  3 sky beasts
  A black bear (D:11)
  An ogre (D:8)
  3 centaurs
  2 big kobolds (D:9)
  4 bullfrogs
  Dowan (D:7)
  3 scorpions
  7 killer bees
  5 wights (D:8)
  5 howler monkeys
  A centaur zombie (D:9)
  A bullfrog zombie (D:5)
  A crimson imp (D:8)
  4 hounds (D:8)
  A quasit (D:9)
  2 bullfrog skeletons
  4 jellies
  2 orc priests
  4 orc wizards
  2 centaur skeletons
  6 iguanas
  8 worker ants
  A hound zombie (D:5)
  A hound skeleton (D:7)
  3 gnolls (D:3)
  5 adders
  A shadow imp (D:11)
  An ooze (D:4)
  An adder zombie (D:7)
  2 worms
  2 dart slugs (D:1)
  3 leopard geckos
  20 orcs
  10 giant cockroaches
  5 goblins
  11 hobgoblins
  14 jackals
  16 kobolds
  6 quokkas
  5 ball pythons
  10 bats
  6 frilled lizards
  A jackal zombie (D:5)
  2 leopard gecko skeletons (D:4)
  A quokka zombie (D:9)
  9 rats
221 creatures vanquished.

Vanquished Creatures (others)
  A worm (D:5)
1 creature vanquished.

Grand Total: 222 creatures vanquished

Notes
Turn   | Place    | Note
-------+----------+-------------------------------------------
     0 | D:1      | Rocangus994 the Demonspawn Gladiator began the quest for the Orb.
     0 | D:1      | Reached XP level 1. HP: 16/16 MP: 1/1
   110 | D:1      | Reached skill level 3 in Staves
   277 | D:1      | Gained mutation: You have sharp fingernails. [demonic ancestry]
   277 | D:1      | Reached XP level 2. HP: 20/22 MP: 2/2
   784 | D:1      | Gained mutation: You have very sharp fingernails. [demonic ancestry]
   784 | D:1      | Reached XP level 3. HP: 27/27 MP: 3/3
   997 | D:2      | Reached skill level 4 in Staves
  1614 | D:2      | Gained mutation: You are partially covered in large bone plates. (SH +4) [demonic ancestry]
  1614 | D:2      | Reached XP level 4. HP: 33/33 MP: 4/4
  2195 | D:3      | Reached skill level 5 in Staves
  2664 | D:3      | Gained mutation: You have claws for hands. [demonic ancestry]
  2664 | D:3      | Reached XP level 5. HP: 36/38 MP: 5/5
  3110 | D:4      | Found a sacrificial altar of Ru.
  3110 | D:4      | Found a stormy altar of Qazlal.
  3117 | D:4      | Became a worshipper of Qazlal Stormbringer
  3211 | D:4      | Reached skill level 6 in Staves
  3266 | D:4      | Got a tattered robe
  3277 | D:4      | Identified the cursed +1 robe "Ulipt" {Slay+3} (You found it on level 4 of the Dungeon)
  3349 | D:4      | Gained mutation: You are slightly more attuned to the shadows. [demonic ancestry]
  3349 | D:4      | Reached XP level 6. HP: 39/44 MP: 6/6
  3531 | D:5      | Entered Level 5 of the Dungeon
  3639 | D:4      | Found a bloodstained altar of Trog.
  3936 | D:5      | Gained mutation: Your spells are a little harder to cast, but a little more powerful. [potion of mutation]
  3936 | D:5      | Gained mutation: Your system is resistant to poisons. (rPois) [potion of mutation]
  4063 | D:5      | Noticed Grinder
  4074 | D:5      | Killed Grinder
  4074 | D:5      | Reached skill level 7 in Staves
  4074 | D:5      | Gained mutation: You regenerate a little health from kills. [demonic ancestry]
  4074 | D:5      | Reached XP level 7. HP: 43/50 MP: 7/7
  4385 | D:5      | Reached * piety under Qazlal
  4385 | D:5      | Reached skill level 8 in Staves
  4432 | D:5      | Found a shimmering altar of Xom.
  4596 | D:5      | Found a staircase to the Ecumenical Temple.
  4604 | Temple   | Entered the Ecumenical Temple
  4724 | D:5      | Noticed Edmund
  4736 | D:5      | Killed Edmund
  5069 | D:5      | Reached XP level 8. HP: 30/56 MP: 8/8
  5452 | D:6      | Reached skill level 9 in Staves
  5499 | D:6      | Found a glowing silver altar of Zin.
  5944 | D:6      | Found Pueh's Magic Scroll Shop.
  5947 | D:6      | Bought a scroll of identify for 24 gold pieces
  5947 | D:6      | Bought a scroll of identify for 24 gold pieces
  5947 | D:6      | Bought a scroll of identify for 24 gold pieces
  5947 | D:6      | Bought a scroll of identify for 24 gold pieces
  5947 | D:6      | Bought 2 scrolls of identify for 48 gold pieces
  6056 | D:6      | Found a sparkling altar of Nemelex Xobeh.
  6321 | D:7      | Found Silox's Food Emporium.
  6346 | D:7      | Noticed Duvessa
  6346 | D:7      | Noticed Dowan
  6361 | D:7      | Killed Duvessa
  6364 | D:7      | Killed Dowan
  6473 | D:7      | Found a snail-covered altar of Cheibriados.
  6571 | D:7      | Reached skill level 10 in Staves
  7280 | D:8      | Found a burning altar of Makhleb.
  7284 | D:8      | Reached ** piety under Qazlal
  7331 | D:8      | Gained mutation: You are mostly covered in large bone plates. (SH +6) [demonic ancestry]
  7331 | D:8      | Reached XP level 9. HP: 37/62 MP: 9/9
  7486 | D:8      | Reached skill level 11 in Staves
  8313 | D:8      | Got a smoking robe
  8615 | D:9      | Reached skill level 12 in Staves
  8641 | D:9      | Reached *** piety under Qazlal
  8915 | D:10     | Entered Level 10 of the Dungeon
  8957 | D:9      | Found a shimmering altar of Xom.
  8958 | D:9      | Found a hazy altar of Hepliaklqana.
  8958 | D:9      | Noticed a hell beast
  8959 | D:9      | Noticed a spectral ugly thing
  8959 | D:9      | Noticed a hell beast
  9099 | D:9      | Reached XP level 10. HP: 66/68 MP: 10/10
  9182 | D:9      | Reached skill level 13 in Staves
  9654 | D:10     | Noticed a centaur warrior
  9667 | D:10     | Killed a centaur warrior
 10027 | D:11     | Slain by an unseen horror

Skill      XL: |  1  2  3  4  5  6  7  8  9 10 |
---------------+-------------------------------+-----
Staves         | 3 4 5 6 7 8 10 12 13 | 13.8
Throwing       | 2 |  2.1
Dodging        | 3 |  3.0
Fighting       | |  2.4

Action                   |  1- 3 |  4- 6 |  7- 9 | 10-12 || total
-------------------------+-------+-------+-------+-------++-------
Melee: Quarterstaff      |   118 |   177 |   382 |   108 ||   785
  Use: Scroll            |     8 |     5 |    11 |     1 ||    25
       Potion            |       |     1 |     2 |     2 ||     5
 Stab: Sleeping          |       |     1 |     2 |       ||     3
  Eat: Chunk             |     2 |     6 |    15 |     4 ||    27
       Royal jelly       |       |     1 |       |       ||     1
       Fruit             |       |       |     1 |       ||     1
Armor: Leather armour    |    43 |    44 |       |       ||    87
       Robe              |       |     9 |    46 |    27 ||    82
Dodge: Dodged            |    79 |   125 |   140 |    50 ||   394
Block: Other             |       |    32 |   102 |    46 ||   180
